Map: Lerilak Crest

Players

LilDicky

  • Race: Terran Terran
  • League: Diamond

Casa - Winner!

  • Race: Protoss Protoss
  • League: Platinum

VOD

http://www.twitch.tv/tumescentpie

Description

Time

  • Played on: Nov. 27, 2015, 9:58 a.m.
  • Length: 7:55
Show
View Real Time Build Order
Export as new Build Order

LilDicky Terran 

Build Orders: MMM Bio 

Get SALT Encoding   

  12  0:03  SCV  
  13  0:15  SCV  
  13  0:18  Supply Depot  
  14  0:30  SCV  
  14  0:33  Refinery  
  15  0:43  Barracks  
  15  0:46  SCV  
  16  1:00  SCV  
  17  1:12  SCV  
  18  1:24  SCV  
  19  1:34  Marine  
  19  1:35  Supply Depot  
  19  1:37  Orbital Command  
  20  1:55  Marine  
  21  2:03  Barracks  
  21  2:07  Barracks  
  21  2:14  Factory  
  21  2:21  Refinery  
  21  2:22  Barracks Reactor  
  21  2:23  SCV  
  22  2:35  SCV  
  22  2:47  SCV  
  22  2:50  Barracks Tech Lab  
  23  2:54  Barracks Tech Lab  
  23  2:58  Supply Depot, Marine  
  23  3:00  Marine  
  23  3:01  SCV  
  26  3:11  Combat Shields, Stimpack  
  26  3:13  SCV, Marine  
  26  3:15  Marine  
  26  3:19  Widow Mine  
  30  3:23  Marine  
  30  3:25  Marine  
  32  3:29  SCV  
  33  3:34  Supply Depot  
  33  3:37  Marine  
  35  3:43  Marauder  
  35  3:47  Marine x2  
  39  4:03  Widow Mine, Marauder  
  39  4:04  Marine  
  42  4:11  Marine  
  42  4:12  Marine  
  42  4:13  SCV  
  43  4:44  Marauder, Marine x2  
  43  4:45  Marauder  
  47  4:54  SCV, Starport  
  48  5:05  Marine x2  
  48  5:06  Marauder x2  
  49  5:37  Medivac  
  48  5:47  Widow Mine  
  48  5:48  Marine x2  
  48  5:49  Marauder x2  
  41  6:06  Marine x2  
  41  6:09  Marine  
  41  6:10  Marine  
  41  6:19  Widow Mine  
  41  6:23  Marine  
  41  6:24  Marine  
  44  6:25  SCV  
  44  6:27  Marine  
  44  6:28  Marauder  
  47  6:33  Concussive Shells  
  47  6:36  Medivac  
  49  6:41  Marine x2  
  49  6:46  Marauder  
  53  6:49  Marine  
  50  6:59  Marine x2  
  52  7:06  Medivac  
  52  7:07  Marine  
  55  7:17  Marine x2  
  55  7:22  Marauder  
  55  7:25  Marauder  
Show
View Real Time Build Order
Export as new Build Order

Casa Protoss - Winner!

Build Orders: 1 Gate Expand, Blink Stalkers 

Get SALT Encoding   

  12  0:02  Probe (Chrono Boost)  
  13  0:13  Probe (Chrono Boost)  
  14  0:18  Pylon  
  14  0:23  Probe (Chrono Boost)  
  15  0:36  Probe (Chrono Boost)  
  15  0:37  Gateway  
  16  0:47  Probe (Chrono Boost)  
  17  0:51  Assimilator  
  17  0:58  Probe (Chrono Boost)  
  18  1:08  Probe (Chrono Boost)  
  19  1:21  Nexus  
  19  1:33  Cybernetics Core  
  19  1:36  Probe (Chrono Boost)  
  20  1:46  Probe (Chrono Boost)  
  21  1:49  Pylon  
  21  1:52  Assimilator  
  21  1:57  Probe (Chrono Boost)  
  22  2:07  Probe (Chrono Boost)  
  23  2:09  Adept  
  23  2:11  Warp Gate (Chrono Boost)  
  25  2:18  Probe (Chrono Boost)  
  26  2:29  Mothership Core (Chrono Boost)  
  28  2:36  Probe (Chrono Boost)  
  29  2:40  Adept  
  31  2:47  Probe  
  31  2:50  Twilight Council  
  32  2:53  Probe  
  32  2:54  Pylon  
  33  2:59  Probe  
  33  3:05  Gateway, Probe  
  35  3:19  Gateway  
  35  3:20  Probe  
  35  3:22  Probe  
  37  3:31  Probe  
  38  3:34  Probe  
  38  3:35  Blink  
  39  3:41  Probe  
  39  3:45  Pylon  
  39  3:47  Pylon  
  40  4:02  Robotics Facility  
  38  4:14  Stalker x2  
  42  4:25  Stalker  
  43  4:50  Probe  
  44  4:54  Observer  
  44  4:56  Stalker  
  44  4:58  Adept  
  49  5:00  Probe  
  49  5:01  Assimilator  
  49  5:03  Probe  
  51  5:09  Pylon  
  51  5:10  Probe, Pylon  
  52  5:15  Observer  
  52  5:16  Probe, Pylon  
  52  5:17  Adept  
  56  5:26  Adept x2  
  46  5:39  Stalker  
  35  5:50  Probe  
  35  5:52  Probe  
  35  5:53  Adept x2  
  40  6:02  Probe  
  40  6:04  Stalker  
  41  6:14  Probe x2  
  41  6:24  Observer (Chrono Boost)  
  37  6:26  Stalker x2, Probe x2  
  43  6:38  Probe x2  
  45  6:50  Probe, Immortal (Chrono Boost)  
  50  7:01  Mothership Core  
  51  7:13  Adept x2  
  55  7:19  Adept  
  47  7:34  Zealot x2  
  53  7:43  Adept  
  55  7:55  Stalker  
Tags
 
Add a new tag
Caveats
  • Supply blocks, unpowered buildings, or Contaminate may cause inaccurate times.
  • Supply counts are checked every 10 seconds.